 Dungeon Crawl Stone Soup version 0.29-a0-541-gaf1fc19f1b (webtiles) character file.

Game seed: 10300306593273751353

79 Morbidden the Conjurer (level 4, 0/32 HPs)
             Began as a Gnoll Conjurer on June 2, 2022.
             Slain by an orc wizard
             ... wielding a +0 dagger
              (2 damage)
             ... on level 2 of the Dungeon.
             The game lasted 00:01:36 (1590 turns).

Morbidden the Conjurer (Gnoll Conjurer)             Turns: 1590, Time: 00:01:37

Health: 0/32       AC:  2    Str:  6    XL:     4   Next: 38%
Magic:  3/11       EV: 13    Int: 19    God:
Gold:   125        SH:  0    Dex: 11    Spells: 10/13 levels left

rFire   . . .      SeeInvis .     - Unarmed
rCold   . . .      Faith    .   (no shield)
rNeg    . . .      Spirit   .   a - +0 robe
rPois   .          Reflect  .   (no helmet)
rElec   .          Harm     .   (no cloak)
rCorr   .          Rampage  .   (no gloves)
Will    .....                   (no boots)
Stlth   ++........              (no amulet)
HPRegen 0.10/turn               (no ring)
MPRegen 0.12/turn               (no ring)

@: no status effects
A: fangs 1, strong nose, distributed training
a: no special abilities


You were on level 2 of the Dungeon.
You visited 1 branch of the dungeon, and saw 2 of its levels.

You collected 125 gold pieces.

Inventory:

Armour
 a - a +0 robe (worn)
Jewellery
 l - a +4 ring of protection
 m - a ring of magical power
Scrolls
 d - a scroll of acquirement {unknown}
 f - 2 scrolls of fog {unknown}
 h - a scroll of brand weapon {unknown}
 i - a scroll of fear {unknown}
 j - 3 scrolls of identify {unknown}
 k - a scroll of teleportation {unknown}
Potions
 b - a potion of magic
 c - a potion of curing {unknown}
 e - 5 potions of might {unknown}
 g - a potion of berserk rage {unknown}


   Skills:
 + Level 1.1 Fighting
 + Level 1.1 Short Blades
 + Level 1.1 Long Blades
 + Level 1.1 Axes
 + Level 1.1 Maces & Flails
 + Level 1.1 Polearms
 + Level 1.1 Staves
 + Level 1.1 Slings
 + Level 1.1 Bows
 + Level 1.1 Crossbows
 + Level 1.1 Throwing
 + Level 1.1 Armour
 + Level 4.6 Dodging
 + Level 4.2 Stealth
 + Level 1.1 Shields
 + Level 1.1 Unarmed Combat
 + Level 5.1 Spellcasting
 + Level 7.1 Conjurations
 + Level 0.9 Hexes
 + Level 0.9 Summonings
 + Level 0.9 Necromancy
 + Level 0.9 Translocations
 + Level 0.9 Transmutations
 + Level 0.9 Fire Magic
 + Level 0.9 Ice Magic
 + Level 0.9 Air Magic
 + Level 0.9 Earth Magic
 + Level 0.9 Poison Magic
 + Level 1.2 Invocations
 + Level 1.1 Evocations


You had 10 spell levels left.
You knew the following spells:

 Your Spells              Type           Power      Damage    Failure   Level
a - Magic Dart            Conj           100%       1d8       1%          1
b - Searing Ray           Conj           64%        2d6       1%          2

Your spell library contained the following spells:

 Spells                   Type           Power      Damage    Failure   Level
 Dazzling Flash           Conj/Hex       40%        N/A       7%          3
 Ensorcelled Hibernation  Hex/Ice        16%        N/A       13%         2
 Passwall                 Tmut/Erth      6%         N/A       13%         2
 Poisonous Vapours        Pois/Air       16%        N/A       13%         2
 Fulminant Prism          Conj/Hex       10%        3d9       24%         4
 Iskenderun's Mystic Bla  Conj/Tloc      20%        2d6       24%         4
 Swiftness                Air            8%         N/A       26%         3
 Corpse Rot               Necr/Pois/Air  8%         N/A       63%         4


Dungeon Overview and Level Annotations

Branches:
Dungeon (2/15)

Altars:

Shops:
D:1 !


Innate Abilities, Weirdness & Mutations

You have very sharp teeth.
Your uncanny sense of smell can sniff out nearby items.
Your experience applies equally to all skills.


Message History

No target in view!
No target in view!
No target in view!
Unknown command.
You closely miss something.
You hear some strange, mumbled words.
Something tries to affect you, but you resist.
You hit something but do no damage. Something hits you.
You miss something. Something hits you.
You hit something. Your bite misses something. Something hits you.
You closely miss something. Your bite misses something.
You hear some strange, mumbled words.
Something tries to affect you, but you resist.
You barely miss something.
You hear some strange, mumbled words.
A puff of flame appears from out of thin air!
The puff of flame misses you.
You hit something but do no damage.
You hear some strange, mumbled words.
A puff of flame appears from out of thin air!
The puff of flame hits you!
You hit something. Something hits you.
You hit something but do no damage. Something hits you.
You barely miss something. Something hits you.
You barely miss something. You miss something.
Something hits you but does no damage.
You barely miss something. Something hits you but does no damage.
You hit something. You bite something. Something hits you but does no damage.
You barely miss something.
You hear some strange, mumbled words.
A magic dart appears from out of thin air!
The magic dart hits you.
* * * LOW HITPOINT WARNING * * *
You closely miss something. Something hits you.
* * * LOW HITPOINT WARNING * * *
You hit something but do no damage. Something hits you.
* * * LOW HITPOINT WARNING * * *
You miss something. Something barely misses you.
You closely miss something. Your bite misses something. Something hits you.
You die...

# #.. ### #####.#
... #.. ......# ####
..# .....## ... #..
.....'. .## #.#.#
....)# .# #.#.#
...$.# .###
#.###.#.####.....##
....
..........)@{......
.###
#.###.#.###########
.... #.#.#
..########.#.#######
...................#
.#.#######.#.#####.#
....# #.#.#.......#
..#.# #.#.#.......#
.[#.####.#.#.......#


There were no monsters in sight!

Vanquished Creatures
  4 gnolls
  4 orcs (D:2)
  4 ball pythons
  2 endoplasms
  3 goblins
  7 hobgoblins
  2 kobolds (D:1)
  A quokka (D:2)
  2 bats
  2 frilled lizards (D:1)
  4 rats
35 creatures vanquished.

Notes
Turn   | Place    | Note
-------+----------+-------------------------------------------
     0 | D:1      | Morbidden the Gnoll Conjurer began the quest for the Orb.
     0 | D:1      | Reached XP level 1. HP: 13/13 MP: 6/6
    66 | D:1      | Reached XP level 2. HP: 20/20 MP: 0/7
   377 | D:1      | Reached XP level 3. HP: 25/25 MP: 7/9
   439 | D:1      | Found Sija Muy's Distillery.
   449 | D:1      | Reached skill level 5 in Spellcasting
   708 | D:1      | Learned a level 2 spell: Searing Ray
   817 | D:2      | Reached skill level 1 in Invocations
   821 | D:2      | Reached skill level 1 in Fighting
   821 | D:2      | Reached skill level 1 in Short Blades
   821 | D:2      | Reached skill level 1 in Long Blades
   821 | D:2      | Reached skill level 1 in Axes
   821 | D:2      | Reached skill level 1 in Maces & Flails
   821 | D:2      | Reached skill level 1 in Polearms
   821 | D:2      | Reached skill level 1 in Staves
   821 | D:2      | Reached skill level 1 in Slings
   821 | D:2      | Reached skill level 1 in Bows
   821 | D:2      | Reached skill level 1 in Crossbows
   821 | D:2      | Reached skill level 1 in Throwing
   821 | D:2      | Reached skill level 1 in Armour
   821 | D:2      | Reached skill level 1 in Shields
   821 | D:2      | Reached skill level 1 in Unarmed Combat
   821 | D:2      | Reached skill level 1 in Evocations
   966 | D:2      | Reached XP level 4. HP: 15/32 MP: 4/11
  1370 | D:2      | Found a faded altar of an unknown god.
  1590 | D:2      | Slain by an orc wizard

Illustrated notes

Levels and vault maps discovered:
D:1:      psy_arrival_wood_between_worlds, layout_rooms, serial_shops,
          nicolae_shop_waterfront, minivault_24
D:2:      layout_basic, hellmonk_ecumenical_altar_lost_god,
          minmay_indecisive_spiral

Skill      XL: |  1  2  3 |
---------------+----------+-----
Spellcasting   | 5 |  5.1
Invocations    | 1 |  1.2
Fighting       | 1 |  1.1
Short Blades   | 1 |  1.1
Long Blades    | 1 |  1.1
Axes           | 1 |  1.1
Maces & Flails | 1 |  1.1
Polearms       | 1 |  1.1
Staves         | 1 |  1.1
Slings         | 1 |  1.1
Bows           | 1 |  1.1
Crossbows      | 1 |  1.1
Throwing       | 1 |  1.1
Armour         | 1 |  1.1
Shields        | 1 |  1.1
Unarmed Combat | 1 |  1.1
Evocations     | 1 |  1.1
Dodging        | |  4.6
Stealth        | |  4.2
Conjurations   | |  7.1
Hexes          | |  0.9
Summonings     | |  0.9
Necromancy     | |  0.9
Translocations | |  0.9
Transmutations | |  0.9
Fire Magic     | |  0.9
Ice Magic      | |  0.9
Air Magic      | |  0.9
Earth Magic    | |  0.9
Poison Magic   | |  0.9

Action                   |  1- 3 |  4- 6 || total
-------------------------+-------+-------++-------
Melee: Unarmed           |       |    22 ||    22
       Bite              |       |     1 ||     1
 Cast: Magic Dart        |    42 |    28 ||    70
       Searing Ray       |     2 |       ||     2
Armor: Robe              |       |     3 ||     3
Dodge: Dodged            |     3 |     7 ||    10

Table legend: (Time is in decaauts)
 A = Elapsed time spent in this place.
 B = Non-inter-level travel time spent in this place.
 C = Inter-level travel time spent in this place.
 D = Time resting spent in this place.
 E = Time spent auto-exploring this place.
 F = Levels seen in this place.
 G = Mean time per level.
                   A        B        C        D        E       F      G
               +--------+--------+--------+--------+--------+-----+--------+
         Total |   1590 |   1565 |     25 |    129 |   1226 |   2 |  795.0 |
       Dungeon |   1590 |   1565 |     25 |    129 |   1226 |   2 |  795.0 |
               +--------+--------+--------+--------+--------+-----+--------+

Top non-repeatable levels by time:
     D:1: 937 daAuts
     D:2: 653 daAuts
